AoeStats
← AiM | CyclopsTron

Arabia

509549999Analyzed
4v4 RM · 3d ago on Sep 27, 2026· 27m 27s· 8 players
Game mode
Random Map
Map size
Large (8 player)
Population
200
Speed
Normal
Resources
Standard
Victory
Conquest
Starting age
Dark Age
Ending age
Imperial Age
RankedLock teamsTeams togetherTeam positionsShared explorationLock speedFull tech treeHidden civsTurbo modeCheats
Victory
Defeat
🇲🇽 Maya · Mexico
1700
+9
🇲🇽 Varangians · Mexico
1585
+14
1574
+14
🇨🇴 Persians · Colombia
1349
+23
🇹🇷 Varangians · Türkiye
1595
-18
🇳🇿 Britons · New Zealand
1527
-15
🇺🇸 Mongols · United States
1511
-14
🇲🇩 Franks · Moldova
1491
-13
AttilathePun463
6:57 Loom
9:10 Feudal Age
7:30 Loom
16:59 Fletching
24:02 Padded Archer Armor
27:42 Wheelbarrow
solo rankeding
6:04 Loom
8:34 Feudal Age
9:34 Double-Bit Axe
19:41 Scale Barding Armor
19:46 Forging
24:27 Castle Age
25:36 Chain Barding Armor
24:38 Light Cavalry
26:07 Iron Casting
Red-Leaf
7:24 Loom
9:31 Feudal Age
11:21 Double-Bit Axe
13:59 Fletching
17:37 Padded Archer Armor
20:54 Wheelbarrow
25:05 Castle Age
25:11 Crossbowman
25:50 Bodkin Arrow
LonzoWall
5:47 Loom
8:37 Feudal Age
9:10 Double-Bit Axe
13:12 Bloodlines
20:18 Castle Age
19:31 Scale Barding Armor
19:58 Horse Collar
21:08 Forging
22:38 Husbandry
22:32 Light Cavalry
AiM | Fubuki Sinri
5:56 Loom
6:21 Loom
8:51 Feudal Age
9:23 Double-Bit Axe
14:26 Bloodlines
15:30 Scale Barding Armor
17:12 Horse Collar
24:05 Castle Age
22:54 Forging
25:29 Chain Barding Armor
26:55 Gold Mining
AiM | CyclopsTron
0:27 Loom
9:31 Feudal Age
11:30 Double-Bit Axe
12:05 Town Watch
14:19 Fletching
18:21 Padded Archer Armor
23:38 Castle Age
22:01 Gold Mining
22:35 Horse Collar
24:16 Bodkin Arrow
23:45 Crossbowman
24:53 Bow Saw
25:20 Wheelbarrow
27:07 Thumb Ring
AiM | CaballeroTemplario
5:53 Loom
9:32 Feudal Age
10:07 Double-Bit Axe
11:22 Fletching
19:24 Padded Archer Armor
28:04 Castle Age
Juan_DavidMLL
5:20 Loom
6:04 Loom
8:39 Feudal Age
9:43 Double-Bit Axe
19:07 Scale Barding Armor
19:20 Bloodlines
22:51 Castle Age
22:10 Wheelbarrow
21:29 Horse Collar
23:39 Chain Barding Armor
23:22 Husbandry
24:06 Bow Saw
24:19 Heavy Plow
25:17 Forging
Connection lost

Rejoining the realm…

Still unreachable

The connection could not be restored.

Session expired

The server has moved on; the page needs a fresh start.